 Dungeon Crawl Stone Soup version 0.13-a0-2485-g242ae62 (webtiles) character file.

348 Rycklaryybbe the Digger (level 5, -3/35 HPs)
             Began as a Vampire Earth Elementalist on July 21, 2013.
             Slain by an iguana (14 damage)
             ... on Level 3 of the Dungeon.
             The game lasted 00:15:32 (5273 turns).

Rycklaryybbe the Digger (VpEE)                      Turns: 5273, Time: 00:15:32

HP  -3/35        AC  2     Str  8      XL: 5   Next: 79%
MP   0/9         EV 12     Int 17      God:
Gold 109         SH  0     Dex 14      Spells:  2 memorised,  2 levels left

Res.Fire  : . . .   See Invis. : +   b - 15 stones
Res.Cold  : . . .   Warding    : .   c - +0 robe
Life Prot.: + . .   Conserve   : .   (no shield)
Res.Poison: .       Res.Corr.  : .   (no helmet)
Res.Elec. : .       Clarity    : .   (no cloak)
Sust.Abil.: . .     Spirit.Shd : .   (no gloves)
Res.Mut.  : .       Stasis     : .   (no boots)
Res.Rott. : .       Flight     : .   (no amulet)
Saprovore : . . .                    (no ring)
                                     (no ring)

@: slightly resistant to hostile enchantments, stealthy
A: fangs 3, see invisible, unbreathing
a: Bat Form


You were on level 3 of the Dungeon.
You were not thirsty.

You visited 1 branch of the dungeon, and saw 3 of its levels.

You collected 89 gold pieces.

Inventory:

Hand weapons
 a - a +1,+0 dwarven dagger (quivered)
 k - a +3,+3 dwarven dagger
Missiles
 b - 15 stones (in hand)
 l - 36 darts
Armour
 c - a +0 robe (worn)
 o - a +1 dwarven helmet
Scrolls
 e - a scroll of amnesia {unknown}
 f - 2 scrolls of noise {unknown}
 g - 2 scrolls of teleportation {unknown}
 h - a scroll of enchant armour {unknown}
 i - a scroll of fear {unknown}
 j - a scroll of blinking {unknown}
 n - a scroll of identify {unknown}
 p - a scroll of remove curse {unknown}
Potions
 m - a potion of curing {unknown}
Books
 d - a book of Geomancy

   Spells                             Type                      Level
   *Sandblast                         Earth                        1
   Stoneskin                          Transmutation/Earth          2
   Passwall                           Transmutation/Earth          3
   *Stone Arrow                       Conjuration/Earth            3
   Petrify                            Transmutation/Earth          4
   Lee's Rapid Deconstruction         Earth                        5


   Skills:
 - Level 2.1 Dodging
 - Level 3.0 Stealth
 - Level 1.0 Spellcasting
   Level 1.1 Transmutations
 + Level 6.6 Earth Magic


You had 2 spell levels left.
You knew the following spells:

 Your Spells              Type           Power        Failure   Level  Hunger
a - Sandblast             Erth           ###...       1%          1    ##.....
b - Stone Arrow           Conj/Erth      ##....       17%         3    ####...


Dungeon Overview and Level Annotations

Branches:
Dungeon (3/27)

Altars:
the Shining One

Annotations
D:2 1 exclusion


Innate Abilities, Weirdness & Mutations

You have razor-sharp teeth.*
You have supernaturally acute eyesight.
You can survive without breathing.*


Message History

Confirm with . or Enter, or press ? or * to list all spells.
Aiming: Sandblast
Press: ? - help, Shift-Dir - straight line, f/p - iguana
Aim: an iguana (almost dead)
The rocky blast hits the iguana.
The iguana is almost dead.
The iguana bites you but does no damage.
You see here a rotting giant cockroach corpse.
Casting: Sandblast
Confirm with . or Enter, or press ? or * to list all spells.
Aiming: Sandblast
Press: ? - help, Shift-Dir - straight line, f/p - iguana
Aim: an iguana (severely wounded)
The rocky blast misses the iguana.
The iguana completely misses you.
You aren't carrying any items that can be evoked.
Drink which item? (? for menu, Esc to quit)
Okay, then.
The iguana closely misses you. The iguana bites you!
You die...

##########
#......l.##########
#########.......@#........#
.............%...#........#
.......##........#........#
.......###.#######........#
..........................#
...<...##....)............#
..)....##.................#
..........................#
......<............####.###


You could see an iguana.

Vanquished Creatures
  An orc wizard (D:3)
  A halfling (D:1)
  4 gnolls (D:2)
  4 adders (D:2)
  2 worms (D:2)
  A giant gecko (D:1)
  7 orcs
  6 giant cockroaches
  15 goblins
  9 hobgoblins
  18 kobolds
  2 quokkas (D:2)
  13 bats
  3 giant newts
  3 jackals (D:2)
  8 rats
97 creatures vanquished.

Vanquished Creatures (others)
  A halfling (D:2)
  An ooze (D:1)
  A rat (D:2)
  2 plants (D:1)
5 creatures vanquished.

Grand Total: 102 creatures vanquished

Notes
Turn   | Place    | Note
--------------------------------------------------------------
     0 | D:1      | Rycklaryybbe, the Vampire Earth Elementalist, began the quest for the Orb.
     0 | D:1      | Reached XP level 1. HP: 13/13 MP: 4/4
   516 | D:1      | Reached XP level 2. HP: 19/19 MP: 5/5
  1040 | D:1      | Reached skill level 4 in Earth Magic
  1739 | D:1      | Reached XP level 3. HP: 21/24 MP: 6/6
  2306 | D:1      | Reached XP level 4. HP: 11/30 MP: 6/8
  2736 | D:2      | Reached skill level 5 in Earth Magic
  3563 | D:2      | Reached XP level 5. HP: 30/35 MP: 3/9
  3597 | D:2      | Reached skill level 6 in Earth Magic
  4380 | D:2      | Learned a level 3 spell: Stone Arrow
  5068 | D:3      | Found a glowing golden altar of the Shining One.
  5273 | D:3      | Slain by an iguana

Action                   |  1- 3 |  4- 6 || total
-------------------------+-------+-------++-------
Melee: Unarmed           |    24 |       ||    24
       Dagger            |   176 |   139 ||   315
Throw: Stone             |     4 |       ||     4
 Cast: Sandblast         |    23 |    87 ||   110
       Stone Arrow       |       |     6 ||     6
 Stab: Sleeping          |     3 |     2 ||     5
       Distracted        |       |     1 ||     1
